 Dungeon Crawl Stone Soup version 0.31-a0-986-g5e6e4ef867 (webtiles) character file.

Game seed: 14766657822205487832

66 LeprechaunX the Changeling (level 4, -4/29 HPs)
             Began as an Octopode Shapeshifter on Nov 8, 2023.
             Slain by a gnoll
             ... wielding a +0 halberd
              (15 damage)
             ... on level 3 of the Dungeon.
             The game lasted 00:01:37 (1897 turns).

LeprechaunX the Changeling (Octopode Shapeshifter)  Turns: 1897, Time: 00:01:38

Health: -4/29      AC:  1    Str: 13    XL:     4   Next: 15%
Magic:  4/4        EV: 13    Int: 12    God:
Gold:   105        SH:  0    Dex: 13    Spells: 3/3 levels left

rFire   . .          .
                       - Unarmed
rCold   . . .        (no shield)
rNeg    . . .        (helmet currently unavailable)
rPois   .            (no amulet)
rElec   .            (no ring)
rCorr   .            (no ring)
SInv    .            (no ring)
Will    .....        (no ring)
Stlth   ++           (no ring)
HPRegen 0.24/turn    (no ring)
MPRegen 0.09/turn    (no ring)
                     (no ring)

%: no passive effects
@: beast-form
A: beast (slay +2), almost no armour, amphibious, 8 rings, camouflage 1,
gelatinous body 1, (nimble swimmer 1), tentacles
a: Begin Untransformation


You were on level 3 of the Dungeon.
You were a hulking beast.
You visited 1 branch of the dungeon, and saw 3 of its levels.

You collected 105 gold pieces.

Inventory:

Missiles
 k - 6 boomerangs
 l - 2 atropa-tipped darts
Armour
 d - a +1 hat
Talismans
 b - a beast talisman
 c - a flux talisman
 o - a maw talisman
Scrolls
 g - 3 scrolls of identify {unknown}
 i - a scroll of noise {unknown}
 m - a scroll of fear {unknown}
 n - 3 scrolls of teleportation {unknown}
 p - a scroll of poison {unknown}
 q - a scroll of revelation {unknown}
 r - a scroll of vulnerability {unknown}
Potions
 a - 2 potions of lignification
 e - 2 potions of heal wounds {unknown}
 f - 2 potions of degeneration {unknown}
 h - a potion of attraction {unknown}
 j - a potion of mutation {unknown}
 s - a potion of magic {unknown}
 t - a potion of curing {unknown}
 u - a potion of invisibility {unknown}


   Skills:
 + Level 1.9 Fighting
 + Level 1.0 Throwing
 - Level 2.0 Dodging
 + Level 3.4 Unarmed Combat
 * Level 3.8 Shapeshifting


You had 3 spell levels left.
You didn't know any spells.
Your spell library was empty.

Dungeon Overview and Level Annotations

Branches:
Dungeon (3/15)

Altars:
Ashenzari

Annotations:
D:3 3 runed translucent doors, boiyoioing's ghost, amateur GnCA


Innate Abilities, Weirdness & Mutations

You are a hulking beast.
Your limbs bulge with bestial killing power. (Slay +2)
You cannot wear most types of armour.
You are amphibious.
You can wear up to eight rings at the same time.
Your skin changes colour to match your surroundings (Stealth+).
Your rubbery body absorbs attacks. (AC +1, EV +1)
((You are camouflaged when in or above water. (Stealth+)))
You have tentacles for arms and can constrict up to eight enemies at once.


Message History

An orc is nearby!
The helpless orc fails to defend itself.
You bludgeon the orc!
You kill the orc!
No target in view!
No target in view!
Found a stone staircase leading down.
There is a stone staircase leading down here.
A gnoll comes into view. It is wielding a +0 spear.
A gnoll is nearby!
A gnoll is nearby!
A gnoll is nearby! 2 gnolls come into view.
Found a stone staircase leading up.
The gnoll shouts!
You hear a shout!
A gnoll comes into view. It is wielding a +0 spear.
The gnoll closely misses you. The gnoll barely misses you.
You closely miss the gnoll. You grab the gnoll.
You constrict the gnoll, but do no damage.
You bludgeon the gnoll! You squeeze the gnoll.
You kill the gnoll!
The gnoll barely misses you.
Your Throwing skill increases to level 1!
You have reached level 4!
The gnoll hits you from afar with a +0 spear.
The gnoll misses you. The gnoll hits you with a +0 spear. The gnoll misses you.
The gnoll hits you from afar with a +0 spear.
There is a stone staircase leading down here.
Found a ring mail.
There is an escape hatch in the ceiling here.
There are monsters nearby!
There are monsters nearby!
The gnoll attacks as it pursues you! The gnoll misses you.
The gnoll hits you from afar with a +0 spear!
The gnoll closely misses you.
There is an escape hatch in the ceiling, spattered with blood here.
The gnoll completely misses you. The gnoll hits you with a +0 halberd!
Ouch! That really hurt!
You die...

... .. ##.# ######
...######..... #
#########...........). [.
............#######..
#..####...#..####.......#
...................#####
###...h..##.###.### #.
#...g.).#.# #.# #..
#.gg..#...# #.#
#..#######..##.#..####.#
#.................###..#
#<..#####>###.##..##.##
#...# ##..# #.........##
##...)##...#
#####..%...######
#....gg...##
####.#.##....


You could see 3 gnolls.

Vanquished Creatures
  A gnoll (D:3)
  A worm (D:2)
  3 dart slugs
  2 orcs (D:3)
  4 ball pythons
  2 endoplasms (D:1)
  2 giant cockroaches (D:2)
  4 goblins
  6 hobgoblins
  2 jackals (D:2)
  4 kobolds
  3 quokkas (D:2)
  2 frilled lizards
  5 rats
41 creatures vanquished.

Notes
Turn   | Place    | Note
-------+----------+-------------------------------------------
     0 | D:1      | LeprechaunX the Octopode Shapeshifter began the quest for
                  | the Orb.
     0 | D:1      | Reached XP level 1. HP: 13/13 MP: 1/1
    75 | D:1      | Found a faded altar of an unknown god.
   127 | D:1      | Reached XP level 2. HP: 18/18 MP: 2/2
   842 | D:2      | Reached XP level 3. HP: 23/23 MP: 3/3
  1649 | D:3      | Found a broken altar of Ashenzari.
  1794 | D:3      | Found a runed translucent gate.
  1794 | D:3      | Found a runed translucent gate.
  1795 | D:3      | Found a runed translucent gate.
  1795 | D:3      | Noticed boiyoioing's ghost (amateur GnCA)
  1881 | D:3      | Reached skill level 1 in Throwing
  1881 | D:3      | Reached XP level 4. HP: 29/29 MP: 4/4
  1897 | D:3      | Slain by a gnoll

Illustrated notes

Levels and vault maps discovered:
D:1:      onia_arrival_pyramid, layout_basic, basic_ecumenical_altar,
          minmay_tromino_v7
D:2:      layout_loops_ring
D:3:      layout_rooms, cheibrodos_ashenzari_chains, minitemple,
          biasface_ghost_orc_armoury

Skill      XL: |  1  2  3 |
---------------+----------+-----
Throwing       | 1 |  1.0
Fighting       | |  1.9
Dodging        | |  2.0
Unarmed Combat | |  3.4
Shapeshifting  | |  3.8

Action                     |  1- 3 |  4- 6 || total
---------------------------+-------+-------++-------
  Melee: Unarmed           |    78 |       ||    78
         Constrict         |    21 |       ||    21
         Tentacles         |     6 |       ||     6
         Punch             |     3 |       ||     3
   Stab: Sleeping          |     9 |       ||     9
 Armour: Skin              |    20 |     5 ||    25
  Dodge: Dodged            |    35 |     5 ||    40

Table legend: (Time is in decaauts)
 A = Elapsed time spent in this place.
 B = Non-inter-level travel time spent in this place.
 C = Inter-level travel time spent in this place.
 D = Time resting spent in this place.
 E = Time spent auto-exploring this place.
 F = Levels seen in this place.
 G = Mean time per level.
                   A        B        C        D        E       F      G
               +--------+--------+--------+--------+--------+-----+--------+
         Total |   1892 |   1708 |    184 |      0 |   1445 |   3 |  630.7 |
       Dungeon |   1892 |   1708 |    184 |      0 |   1445 |   3 |  630.7 |
               +--------+--------+--------+--------+--------+-----+--------+

Top non-repeatable levels by time:
     D:1: 810 daAuts
     D:2: 778 daAuts
     D:3: 302 daAuts
